 Dungeon Crawl Stone Soup version 0.29.1-12-g30fa7ad0bf (webtiles) character file.

Game seed: 13111016262735320857

410 concernfroge the Trooper (level 6, 0/55 HPs)
             Began as a Mummy Monk on Dec 24, 2022.
             Slain by a hound (1 damage)
             ... on level 4 of the Dungeon.
             The game lasted 00:10:42 (4077 turns).

concernfroge the Trooper (Mummy Monk)               Turns: 4077, Time: 00:10:44

Health: 0/55       AC:  6    Str: 16    XL:     6   Next: 58%
Magic:  6/6        EV: 10    Int: 10    God:
Gold:   39         SH:  0    Dex: 14    Spells: 5/5 levels left

rFire   x . .      SeeInvis .   j - +1 falchion (vamp)
rCold   + . .      Faith    .   (no shield)
rNeg    + + +      Spirit   .   a - +0 scale mail
rPois   ∞          Reflect  .   (no helmet)
rElec   .          Harm     .   (no cloak)
rCorr   .          Rampage  .   (no gloves)
Will    +....                   (no boots)
Stlth   ..........              (no amulet)
HPRegen 0.18/turn               g - ring of willpower
MPRegen 0.10/turn               (no ring)

@: no status effects
A: cold resistance 1, negative energy resistance 3, torment resistance 2, heat
vulnerability 1, in touch with death 1, no potions
a: no special abilities


You were on level 4 of the Dungeon.
You visited 1 branch of the dungeon, and saw 5 of its levels.

You collected 89 gold pieces.
You spent 50 gold pieces at shops.

Inventory:

Hand Weapons
 j - a +1 vampiric falchion (weapon)
Missiles
 b - 4 poisoned darts
 c - 15 stones (quivered)
Armour
 a - a +0 scale mail (worn)
 h - a +0 leather armour
Jewellery
 g - a ring of willpower (left hand)
Scrolls
 d - 3 scrolls of identify


   Skills:
 + Level 7.5 Fighting
 - Level 2.4 Polearms
 - Level 2.4 Dodging
 - Level 1.5 Stealth


You had 5 spell levels left.
You didn't know any spells.
Your spell library contained the following spells:

 Spells                   Type           Power      Damage    Failure   Level
 Frozen Ramparts          Ice            0%         1d1       99%         3
 Ignite Poison            Fire/Tmut/Pois 0%         N/A       99%         3
 Mephitic Cloud           Conj/Pois/Air  0%         N/A       99%         3
 Summon Ice Beast         Ice/Summ       0%         N/A       100%        4
 Freezing Cloud           Conj/Ice/Air   0%         6-21      100%        5
 Ice Form                 Ice/Tmut       Unusable   N/A       N/A         4

Dungeon Overview and Level Annotations

Branches:
Dungeon (5/15)
 Temple: D:4-7

Altars:
Kikubaaqudgha
Nemelex Xobeh

Shops:
D:3 *

Annotations:
D:3 1 runed translucent door, Crazy Yiuf, Terence
D:4 2 transporters, safid's ghost, amateur MiHu


Innate Abilities, Weirdness & Mutations

You are immune to poison.
Your flesh is cold resistant. (rC+)
You are immune to negative energy. (rN+++)
You are immune to unholy pain and torment.
You are vulnerable to heat. (rF-)
You are in touch with the powers of death.
You do not drink.


Message History

There is a stone staircase leading up here.
The hound barely misses you. The hound closely misses you.
You climb upwards.
Level annotation: 2 transporters, safid's ghost, amateur MiHu The iguana hisses angrily.
Found a scroll of fear.
There is a stone staircase leading down here.
As you read the scroll labelled ATIADI NOHAHEMY, it crumbles to dust.
It is a scroll of enchant weapon.
Your +0 vampiric falchion glows red for a moment.
The hound barely misses you. The hound bites you. The hound barely misses you.
The hound closely misses you.
The iguana hisses menacingly.
The iguana bites you!
* * * LOW HITPOINT WARNING * * *
You hit the iguana.
You feel better.
The iguana is lightly wounded.
The hound bites you.
* * * LOW HITPOINT WARNING * * *
The hound bites you.
* * * LOW HITPOINT WARNING * * *
The iguana bites you but does no damage.
The hound bites you.
* * * LOW HITPOINT WARNING * * *
The hound barely misses you.
The air fills with toxic fumes!
As you read the scroll labelled KEETHREH FOTOFF, it crumbles to dust.
It was a scroll of poison.
The hound bites you but does no damage. The hound bites you.
* * * LOW HITPOINT WARNING * * *
The iguana misses you.
As you read the scroll labelled PAZXIKK KEIFEKK, it crumbles to dust.
It is a scroll of identify.
You don't have any unidentified items.
The hound bites you.
* * * LOW HITPOINT WARNING * * *
The hound misses you.
The iguana bites you but does no damage.
The hound barely misses you. The hound bites you.
You die...

.....#.............#.........#...
.....#....##'####..#.........#...
.....#....##.......##8..$$.8##...
.....#.....#........#########....
....########............©........
#.....................
#.......#.......#.....
§§##########......#.....
§§§§§§§@§§§#......#†....
§§§§§§lhh§§#......'†....
§§§§§§§§§§§+......#.....
§§§§§§§§§§§#......#.....
§§§§§§§§§§§########.....
############ ##'### #..... #.....
#.....


You could see an iguana and 2 hounds.

Vanquished Creatures
  3 phantoms
  A scorpion (D:4)
  A hound (D:4)
  An adder (D:4)
  A worm (D:3)
  5 dart slugs
  An orc (D:4)
  6 bats
  12 endoplasms
  2 giant cockroaches (D:2)
  6 goblins
  7 hobgoblins
  7 jackals
  2 quokkas (D:2)
  5 ball pythons
  5 frilled lizards
  7 kobolds
  6 rats
78 creatures vanquished.

Vanquished Creatures (others)
  A human (D:5)
  An orc (D:5)
2 creatures vanquished.

Grand Total: 80 creatures vanquished

Notes
Turn   | Place    | Note
-------+----------+-------------------------------------------
     0 | D:1      | concernfroge the Mummy Monk began the quest for the Orb.
     0 | D:1      | Reached XP level 1. HP: 18/18 MP: 1/1
   178 | D:1      | Reached XP level 2. HP: 16/24 MP: 2/2
   680 | D:1      | Reached skill level 4 in Fighting
   987 | D:2      | Gained mutation: You are in touch with the powers of death.
                  | [Mummy growth]
   987 | D:2      | Reached XP level 3. HP: 27/30 MP: 3/3
  2095 | D:1      | Reached XP level 4. HP: 31/38 MP: 4/4
  2212 | D:1      | Reached skill level 5 in Fighting
  2438 | D:3      | Found Ninyexez's Assorted Antiques.
  2450 | D:3      | Bought a scroll labelled KYOKHA PONIS for 25 gold pieces
  2450 | D:3      | Bought a scroll labelled KEETHREH FOTOFF for 25 gold pieces
  2517 | D:3      | You fall into a shaft and drop 1 floor!
  2536 | D:4      | Noticed a scorpion
  2563 | D:3      | Found a runed translucent door.
  2564 | D:3      | Noticed Crazy Yiuf
  2608 | D:3      | Noticed Terence
  2957 | D:4      | Found a sparkling altar of Nemelex Xobeh.
  2968 | D:4      | Noticed a phantom
  2988 | D:4      | Killed a phantom
  2989 | D:4      | Reached skill level 6 in Fighting
  2989 | D:4      | Reached XP level 5. HP: 7/46 MP: 5/5
  3249 | D:4      | Noticed an ice beast
  3320 | D:4      | Found a transporter.
  3320 | D:4      | Noticed safid's ghost (amateur MiHu)
  3354 | D:4      | Noticed a black bear
  3400 | D:4      | Found a transporter.
  3417 | D:4      | Noticed a phantom
  3435 | D:4      | Killed a phantom
  3436 | D:4      | Reached XP level 6. HP: 38/53 MP: 6/6
  3687 | D:4      | Reached skill level 7 in Fighting
  3894 | D:5      | Entered Level 5 of the Dungeon
  3901 | D:5      | Found an ancient bone altar of Kikubaaqudgha.
  3915 | D:5      | Noticed a human
  3917 | D:5      | Killed a human
  4076 | D:4      | HP: 2/55 [hound (1)]
  4077 | D:4      | Slain by a hound

Illustrated notes

Levels and vault maps discovered:
D:1:      dpeg_arrival_boxes_within_box, layout_basic, minmay_hexomino_u4
D:2:      layout_basic
D:3:      layout_loops_ring, serial_shops, nicolae_square_shop, uniq_terence,
          uniq_crazy_yiuf_cottage
D:4:      layout_gridville, kennysheep_mini, mainiacjoe_overflow_boulevard,
          gammafunk_ghost_arena
D:5:      layout_rooms, fiery_altar_vehumet, tgw_kikubaaqudgha,
          minmay_manual_moon

Skill      XL: |  1  2  3  4  5  6 |
---------------+-------------------+-----
Fighting       | 4 6 7 |  7.5
Polearms       | |  2.4
Dodging        | |  2.4
Stealth        | |  1.5

Action                   |  1- 3 |  4- 6 || total
-------------------------+-------+-------++-------
Melee: Spear             |   223 |    16 ||   239
       Punch             |     3 |     2 ||     5
       Falchion          |       |   134 ||   134
Throw: Stone             |     6 |     5 ||    11
  Use: Scroll            |       |     5 ||     5
 Stab: Sleeping          |     7 |     3 ||    10
Armor: Robe              |    26 |       ||    26
       Leather armour    |       |    16 ||    16
       Scale mail        |       |    32 ||    32
Dodge: Dodged            |   116 |    92 ||   208
